 Dungeon Crawl Stone Soup version 0.17-a0-1470-g474c87d (webtiles) character file.

204 Vlagh the Changer (level 5, -14/34 HPs)
             Began as an Octopode Transmuter on July 1, 2015.
             Demolished by sigmacitizen's ghost (16 damage)
             ... on level 4 of the Dungeon.
             The game lasted 00:14:30 (2675 turns).

Vlagh the Changer (Octopode Transmuter)             Turns: 2675, Time: 00:14:30

Health: -14/34     AC:  2    Str: 10    XL:     5   Next: 82%
Magic:  3/8        EV: 19    Int: 16    God:
Gold:   124        SH:  0    Dex: 17    Spells: 3 memorised, 2 levels left

rFire  . . .     SeeInvis .       - Unarmed
rCold  . . .     Clarity  .     (shield currently unavailable)
rNeg   . . .     SustAt   .     (helmet currently unavailable)
rPois  x         Gourm    .     g - amulet of resist corrosion
rElec  .         Spirit   .     (no ring)
rCorr  +         Warding  .     (no ring)
rMut   .         Stasis   .     (no ring)
MR     .....                    (no ring)
Stlth  ++........               (no ring)
                                (no ring)
                                (no ring)
                                (no ring)

@: spider-form (expiring), very slightly contaminated, not resistant to hostile
enchantments, unstealthy
A: almost no armour, amphibious, 8 rings, (constrict 8), (camouflage 0),
(gelatinous body 0)
a: End Transformation


You were on level 4 of the Dungeon.
You were hungry.
You were a venomous arachnid creature.
You visited 1 branch of the dungeon, and saw 4 of its levels.

You collected 124 gold pieces.

Inventory:

Missiles
 a - 34 arrows
 e - 12 arrows of frost
Jewellery
 g - an amulet of resist corrosion (around neck)
 n - an uncursed amulet of rage
Scrolls
 f - a scroll of remove curse
 h - a scroll of recharging {unknown}
 i - a scroll of amnesia
 l - a scroll of identify {unknown}
Books
 b - a book of Changes

   Spells                             Type                      Level
   a - Beastly Appendage              Transmutation                1
   b - Sticks to Snakes               Transmutation                2
   c - Spider Form                    Transmutation/Poison         3
   d - Ice Form                       Ice/Transmutation            4
   e - Blade Hands                    Transmutation                5
Comestibles
 c - a bread ration
 d - 4 chunks of flesh
 j - 2 meat rations
 k - 2 fruits
 m - a beef jerky


   Skills:
 + Level 2.1 Fighting
 - Level 2.0 Dodging
 * Level 4.0 Unarmed Combat
 - Level 2.0 Spellcasting
 - Level 4.1 Transmutations
 - Level 2.3 Poison Magic


You had 2 spell levels left.
You knew the following spells:

 Your Spells              Type           Power        Failure   Level  Hunger
a - Beastly Appendage     Trmt           ##....       14%         1    #......
b - Sticks to Snakes      Trmt           ##........   21%         2    ###....
c - Spider Form           Trmt/Pois      ##........   36%         3    ###....


Dungeon Overview and Level Annotations

Branches:
Dungeon (4/15)
 Temple: D:4-7

Altars:
Dithmenos

Annotations:
D:4 sigmacitizen's ghost, experienced MiBe


Innate Abilities, Weirdness & Mutations

You cannot wear most types of armour.
You are amphibious.
You can wear up to eight rings at the same time.
((You can use your tentacles to constrict eight enemies at once.))
((Your skin changes colour to match your surroundings (Stealth).))
((Your rubbery body absorbs attacks (AC +1).))


Message History

You hit sigmacitizen's ghost.
Sigmacitizen's ghost is lightly damaged.
Your transformation is almost over.
Sigmacitizen's ghost hits you.
* * * LOW HITPOINT WARNING * * *
You completely miss sigmacitizen's ghost.
Sigmacitizen's ghost is lightly damaged.
You are feeling hungry.
Sigmacitizen's ghost hits you.
* * * LOW HITPOINT WARNING * * *
You hit sigmacitizen's ghost but do no damage.
Sigmacitizen's ghost is lightly damaged.
Sigmacitizen's ghost barely misses you.
You hit sigmacitizen's ghost.
Sigmacitizen's ghost is lightly damaged.
Sigmacitizen's ghost misses you.
You hit sigmacitizen's ghost but do no damage.
Sigmacitizen's ghost is lightly damaged.
Sigmacitizen's ghost hits you!
You die...

.............#........#
............'........+
............##+#####+#
#.....##'## #.....'...#
#.....#...# +.....#...#
#.....#...+ #...s.##+##
#/..)W.....>
+...........
#...........
#...........
#...........
#...........
##+#####'#..


You could see sigmacitizen's ghost.

Vanquished Creatures
  2 orc priests (D:3)
  Jessica (D:3)
  3 adders
  An ooze (D:1)
  A worm (D:3)
  A giant gecko (D:1)
  11 orcs
  5 bats
  4 giant cockroaches
  14 goblins
  5 hobgoblins
  6 jackals
  6 kobolds
  2 giant newts (D:2)
  5 rats
67 creatures vanquished.

Notes
Turn   | Place    | Note
--------------------------------------------------------------
     0 | D:1      | Vlagh the Octopode Transmuter began the quest for the Orb.
     0 | D:1      | Reached XP level 1. HP: 13/13 MP: 3/3
    77 | D:1      | Reached XP level 2. HP: 18/18 MP: 3/5
    98 | D:1      | Learned a level 2 spell: Sticks to Snakes
   598 | D:2      | Reached XP level 3. HP: 12/23 MP: 4/6
   609 | D:2      | Learned a level 3 spell: Spider Form
   829 | D:2      | Reached skill level 1 in Poison Magic
  1167 | D:2      | Reached XP level 4. HP: 21/28 MP: 7/7
  1550 | D:3      | Noticed Jessica
  1556 | D:3      | Killed Jessica
  1556 | D:3      | Reached skill level 4 in Transmutations
  1751 | D:3      | Found a shadowy altar of Dithmenos.
  1760 | D:3      | Reached XP level 5. HP: 33/33 MP: 5/8
  2653 | D:4      | Noticed sigmacitizen's ghost (experienced MiBe)
  2675 | D:4      | Demolished by sigmacitizen's ghost

Vault maps used:
D:1:      onia_arrival_pyramid
D:2:      nrook_mini_vaults
D:3:      old_standard_altar, uniq_crazy_yiuf_cottage, uniq_jessica
D:4:      minmay_goblin_kobold_castle, lemuel_doored_altar,
          nicolae_gozag_seed_capital

Action                   |  1- 3 |  4- 6 || total
-------------------------+-------+-------++-------
Melee: Unarmed           |    90 |   100 ||   190
 Cast: Beastly Appendage |    22 |    13 ||    35
       Spider Form       |     1 |     7 ||     8
  Use: Potion            |     1 |     2 ||     3
       Scroll            |       |     7 ||     7
 Stab: Sleeping          |     1 |     4 ||     5
  Eat: Chunk             |     1 |     6 ||     7
